 Dungeon Crawl Stone Soup version 0.31.0-9-g3a7656b989 (webtiles) character file.

Game seed: 10282370647083370219

8785 ssalbiz the Thaumaturge (level 11, -1/62 HPs)
             Began as a Deep Elf Conjurer on Jan 25, 2024.
             Was a Believer of Vehumet.
             Slain by an ettin
             ... wielding a +0 dire flail
              (5 damage)
             ... on level 11 of the Dungeon.
             The game lasted 00:34:21 (14068 turns).

ssalbiz the Thaumaturge (Deep Elf Conjurer)        Turns: 14068, Time: 00:34:21

Health: -1/62      AC:  8    Str: 10    XL:     11   Next: 14%
Magic:  29/29      EV: 15    Int: 28    God:    Vehumet [**....]
Gold:   656        SH:  0    Dex: 13    Spells: 22/34 levels left

rFire   . . .        C - +5 short sword (freeze)
rCold   . . .        (no shield)
rNeg    . . .        a - +0 robe
rPois   +            i - +0 helmet
rElec   .            (no cloak)
rCorr   .            N - +1 pair of gloves
SInv    .            B - +1 pair of boots
Will    +....        (no amulet)
Stlth   ++++         p - ring of poison resistance
HPRegen 0.30/turn    y - +6 ring of strength
MPRegen 0.21/turn

%: no passive effects
@: marked, studying Stealth
A: no striking features
a: Renounce Religion


You were on level 11 of the Dungeon.
You worshipped Vehumet.
Vehumet was pleased with you.
You visited 2 branches of the dungeon, and saw 12 of its levels.
You also visited: Ossuary.

You collected 656 gold pieces.

Inventory:

Hand Weapons
 C - a +5 short sword of freezing (weapon)
 G - the +7 rapier of Classification {heavy, rC- Will+ Str+10}
   (You found it on level 6 of the Dungeon)

   Str+10:    It affects your strength (+10).
   rC-:       It makes you vulnerable to cold.
   Will+:     It increases your willpower.
Missiles
 d - a throwing net
 h - 6 javelins
Armour
 a - a +0 robe (worn)
 i - a +0 helmet (worn)
 B - a +1 pair of boots (worn)
 N - a +1 pair of gloves (worn)
Jewellery
 b - a ring of protection from cold
 o - a ring of see invisible
 p - a ring of poison resistance (left hand)
 t - a ring of willpower
 y - a +6 ring of strength (right hand)
 D - a ring of resist corrosion
 H - a ring of protection from fire
Wands
 q - a wand of flame (21)
 r - a wand of paralysis (17)
 u - a wand of digging (10)
 K - a wand of mindburst (15)
Scrolls
 c - 2 scrolls of blinking {unknown}
 e - 2 scrolls of amnesia {unknown}
 j - 3 scrolls of immolation {unknown}
 k - 7 scrolls of teleportation {unknown}
 n - 4 scrolls of poison
 s - 3 scrolls of enchant armour {unknown}
 v - 3 scrolls of fear {unknown}
 w - a scroll of butterflies {unknown}
 z - a scroll of silence {unknown}
 A - 2 scrolls of noise {unknown}
 I - a scroll of revelation {unknown}
 M - a scroll of fog {unknown}
Potions
 f - 4 potions of haste
 g - a potion of lignification
 m - 5 potions of curing
 x - a potion of brilliance {unknown}
 E - a potion of enlightenment {unknown}
 F - 3 potions of ambrosia
 J - a potion of heal wounds {unknown}


   Skills:
 + Level 4.7 Fighting
 + Level 4.6 Armour
 + Level 7.3 Dodging
 + Level 9.8 Stealth
 - Level 12.3 Spellcasting
 - Level 11.0 Conjurations


You had 22 spell levels left.
You knew the following spells:

 Your Spells              Type           Power      Damage    Failure   Level
a - Magic Dart            Conj           100%       1d8       1%          1
b - Searing Ray           Conj           100%       2d8       1%          2
c - Iskenderun's Battles  Conj           68%        2d12      1%          5
d - Iskenderun's Mystic   Conj/Tloc      48%        2d11      3%          4

Your spell library contained the following spells:

 Spells                   Type           Power      Damage    Failure   Level
 Kiss of Death            Conj/Necr      100%       2d13      1%          1
 Sting                    Conj/Alch      100%       1d9       1%          1
 Apportation              Tloc           34%        N/A       3%          1
 Necrotise                Necr           68%        1d7       3%          1
 Summon Small Mammal      Summ           68%        N/A       3%          1
 Fulminant Prism          Conj/Alch      24%        3d12      3%          4
 Call Imp                 Summ           34%        N/A       4%          2
 Cigotuvi's Dreadful Rot  Necr/Alch/Air  34%        N/A       4%          2
 Ensorcelled Hibernation  Hex/Ice        34%        N/A       4%          2
 Call Canine Familiar     Summ           17%        N/A       10%         3
 Passwall                 Erth           17%        N/A       10%         3
 Sigil of Binding         Hex            17%        N/A       10%         3
 Swiftness                Air            17%        N/A       10%         3
 Freezing Cloud           Conj/Ice/Air   18%        6-21      19%         5
 Dimensional Bullseye     Hex/Tloc       8%         N/A       32%         4
 Ignite Poison            Fire/Alch      17%        N/A       32%         4
 Summon Blazeheart Golem  Fire/Summ      17%        N/A       32%         4
 Bombard                  Conj/Erth      24%        9d5       45%         6
 Spellforged Servitor     Conj/Summ      24%        N/A       95%         7


Dungeon Overview and Level Annotations

Branches:
Dungeon (11/15)            Temple (1/1) D:7            Lair (0/5) D:9
    Orc (0/2) D:10        Ossuary (visited)

Altars:
Ashenzari
Cheibriados
Dithmenos
Elyvilon
Fedhas
Gozag
Hepliaklqana
Kikubaaqudgha
Makhleb
Nemelex Xobeh
Qazlal
Ru
Sif Muna
Trog
Uskayaw
Vehumet
Wu Jian
Xom
Yredelemnul
Zin
The Shining One

Shops:
D:3 =

Annotations:
D:4 Eustachio, Sigmund
D:10 2 runed translucent doors, Biggs's ghost, journeyman DjAE; Fannar; Snorg


Message History

You kill the killer bee!
Vehumet accepts your kill.
You see here a killer bee corpse.
You see here 4 large rocks.
Found a chain mail.
f - 4 potions of haste (gained 1)
A two-headed ogre comes into view.
It is wielding a +0 giant club and a +0 giant spiked club.
Found a scroll labelled NUSISHR HAQETS.
A shadow and a boulder beetle come into view.
An ettin and a two-headed ogre come into view.
The ettin shouts in stereo!
You hear two shouts!
The two-headed ogre shouts in stereo!
You hear a shout! x3
You hear an angry buzzing noise.
The shadow sets off the alarm!
The alarm trap emits a blaring wail!
A sentinel's mark forms upon you.
A troll comes into view.
You hear a shout! x3; You hear a roar!
You hear two shouts!
You hear a shout!
The boulder beetle closely misses you.
The ettin hits you with a +0 dire flail!
The ettin closely misses you.
A two-headed ogre comes into view.
It is wielding a +0 giant spiked club and a +0 giant club.
The boulder beetle curls into a ball and begins rolling!
The ettin attacks as it pursues you! The ettin barely misses you.
The ettin completely misses you.
The boulder beetle stops rolling and uncurls.
An orc warrior comes into view. It is wielding a +0 halberd.
An acid dragon comes into view.
The two-headed ogre hits you with a +0 giant club!
The two-headed ogre closely misses you.
A manticore comes into view.
An orc priest comes into view. It is wielding a +0 whip.
The ettin attacks as it pursues you!
The ettin hits you with a +0 dire flail!!
Ouch! That really hurt!
* * * LOW HITPOINT WARNING * * *
The ettin closely misses you. The ettin attacks as it pursues you!
The ettin hits you with a +0 dire flail.
You die...

#...#.# #.#♣♣.♣♣ ...#
#...###.#♣...♣#♣♣♣o#
.♣ #......#...O...OHT#
.. #...##.#♣oB.♣#♣♣♣.#
.♣ #.Y###.#♣♣O♣♣ ...#
##..# #.###D###
########## #..##
#.#.....♣ ♣♣.....♣♣ ##
##..#
#.#♣.C.♣♣♣♣♣♣..PPP..♣♣
...##..##
#.#.♣@♣........P~P....
#.....##
#.#♣...♣♣♣♣♣♣..PPP..♣♣
#......# #.[...♣
♣♣.....♣♣ #......##
####### ####...####
#.......##
............
#........##
###.........
...........##
########..
...##..#....## ##. ...
#..##....## ##


You could see a boulder beetle, an ettin, 2 two-headed ogres, an acid dragon and
an orc priest.

Vanquished Creatures
  2 cyclopes (D:11)
  2 gargoyles
  A hornet (D:8)
  A wraith (D:11)
  2 shadows (D:11)
  2 wyverns
  Grum (D:6)
  6 yaks
  A water moccasin (D:5)
  An acid dragon (D:9)
  3 sky beasts (D:7)
  3 orc warriors
  2 ice beasts (D:7)
  A swamp drake (D:10)
  2 black bears
  3 ogres
  A wolf (D:6)
  5 phantoms
  2 kobold brigands
  Blork the orc (D:6)
  3 bullfrogs
  A gnoll sergeant (D:8)
  10 scorpions
  4 wights
  10 killer bees
  An electric eel (D:9)
  6 howler monkeys
  A bombardier beetle (D:2)
  3 centaur zombies (Ossuary)
  2 human zombies (Ossuary)
  4 jellies
  3 gnoll boudas
  5 orc priests
  12 hounds
  2 sleepcaps (D:6)
  4 iguanas
  4 orc wizards
  4 scorpion zombies (Ossuary)
  Ijyb (D:4)
  3 mummies (Ossuary)
  5 adders
  15 gnolls
  A white imp (D:5)
  2 ufetubi (D:6)
  4 adder zombies (Ossuary)
  2 ribbon worms (D:5)
  3 dart slugs
  32 orcs
  4 endoplasms
  4 giant cockroaches
  5 goblins
  9 hobgoblins
  6 jackals
  3 quokkas (D:3)
  4 ball pythons
  4 bats
  A frilled lizard (D:2)
  A gnoll zombie (Ossuary)
  A jackal zombie (Ossuary)
  16 kobolds
  An orc zombie (Ossuary)
  5 rats
253 creatures vanquished.

Notes
Turn   | Place    | Note
-------+----------+-------------------------------------------
     0 | D:1      | ssalbiz the Deep Elf Conjurer began the quest for the Orb.
     0 | D:1      | Reached XP level 1. HP: 10/10 MP: 6/6
   217 | D:1      | Reached XP level 2. HP: 15/15 MP: 5/8
   478 | D:1      | Found a faded altar of an unknown god.
   834 | D:2      | Reached skill level 4 in Spellcasting
   870 | D:2      | Reached skill level 5 in Conjurations
   870 | D:2      | Reached XP level 3. HP: 17/19 MP: 6/10
   882 | D:2      | Learned a level 2 spell: Searing Ray
  1228 | D:2      | Reached XP level 4. HP: 14/24 MP: 2/12
  1831 | D:3      | Found Nupost's Jewellery Boutique.
  1837 | D:3      | Reached skill level 5 in Spellcasting
  2521 | D:4      | Noticed Ijyb
  2529 | D:4      | Killed Ijyb
  2530 | D:4      | Reached XP level 5. HP: 24/28 MP: 9/14
  2553 | D:4      | Learned a level 5 spell: Iskenderun's Battlesphere
  2558 | D:4      | Learned a level 4 spell: Iskenderun's Mystic Blast
  2679 | D:4      | Noticed Sigmund
  2806 | D:4      | Noticed a phantom
  2809 | D:4      | Noticed a phantom
  2833 | D:4      | Killed a phantom
  2834 | D:4      | Reached skill level 6 in Spellcasting
  2848 | D:4      | Killed a phantom
  2849 | D:4      | Reached XP level 6. HP: 4/32 MP: 12/17
  3044 | D:4      | Noticed Eustachio
  3279 | D:4      | Identified the +8 chain mail of Enaonirr {rC++}
  3700 | D:5      | Entered Level 5 of the Dungeon
  3769 | D:5      | Reached skill level 7 in Spellcasting
  3843 | D:5      | Reached XP level 7. HP: 15/36 MP: 0/20
  4063 | D:5      | Reached skill level 8 in Spellcasting
  4793 | D:5      | Reached skill level 9 in Spellcasting
  5169 | D:5      | Reached XP level 8. HP: 41/41 MP: 15/23
  5944 | D:5      | Reached skill level 10 in Spellcasting
  6228 | D:6      | Found a sand-covered staircase.
  6237 | Ossuary  | Entered an ossuary
  6752 | Ossuary  | Reached skill level 1 in Fighting
  6752 | Ossuary  | Reached skill level 1 in Armour
  6752 | Ossuary  | Reached XP level 9. HP: 47/47 MP: 10/25
  7042 | Ossuary  | Reached skill level 11 in Spellcasting
  7178 | D:6      | Reached skill level 10 in Conjurations
  7353 | D:6      | Noticed Blork the orc
  7355 | D:6      | Killed Blork the orc
  7663 | D:6      | Noticed Grum
  7668 | D:6      | Killed Grum
  7741 | D:6      | Identified the +7 rapier of Classification {heavy, rC-
                  | Will+ Str+10}
  7905 | D:6      | Found a stormy altar of Qazlal.
  7905 | D:6      | Found a shimmering altar of Xom.
  7910 | D:6      | Found a broken altar of Ashenzari.
  7953 | D:6      | Found an opulent altar of Gozag.
  7955 | D:6      | Found an ornate altar of the Wu Jian Council.
  7960 | D:6      | Found a radiant altar of Vehumet.
  7965 | D:6      | Became a worshipper of Vehumet
  8407 | D:7      | Reached skill level 5 in Stealth
  8900 | D:7      | Reached skill level 5 in Dodging
  8913 | D:7      | Reached XP level 10. HP: 55/55 MP: 14/27
  8941 | D:7      | Noticed a gargoyle
  8949 | D:7      | Killed a gargoyle
  9369 | D:7      | Reached * piety under Vehumet
  9369 | D:7      | Offered knowledge of Sandblast by Vehumet.
  9848 | D:7      | Found a staircase to the Ecumenical Temple.
  9855 | Temple   | Entered the Ecumenical Temple
 10343 | D:8      | Reached skill level 12 in Spellcasting
 10430 | D:8      | Noticed a gargoyle
 10434 | D:8      | Killed a gargoyle
 10646 | D:8      | Identified the +3 robe "Fonoej" {rPois Will- Regen+ Dex+4}
 11023 | D:9      | Found a staircase to the Lair.
 11793 | D:10     | Entered Level 10 of the Dungeon
 11866 | D:10     | Found an ancient bone altar of Kikubaaqudgha.
 11870 | D:10     | Noticed Fannar
 11893 | D:10     | Noticed Snorg
 11949 | D:10     | Found a sparkling altar of Nemelex Xobeh.
 12152 | D:10     | Identified the +5 ring mail of the Little Devil {Str+2
                  | SInv}
 12218 | D:10     | Noticed a necromancer
 12218 | D:10     | Noticed Biggs's ghost (journeyman DjAE)
 12218 | D:10     | Noticed a lich
 12218 | D:10     | Noticed an eight-headed hydra
 12219 | D:10     | Noticed a skeletal warrior
 12219 | D:10     | Noticed a centaur warrior
 12220 | D:10     | Noticed a stone giant
 12239 | D:10     | Got Alaisch's Tome of United Clay
 12254 | D:10     | Found a runed translucent door.
 12257 | D:10     | Found a runed translucent door.
 12482 | D:10     | Found a staircase to the Orcish Mines.
 12504 | D:10     | Reached ** piety under Vehumet
 12504 | D:10     | Offered knowledge of Kiss of Death by Vehumet.
 13708 | D:11     | Reached XP level 11. HP: 62/62 MP: 23/29
 14050 | D:11     | Noticed a two-headed ogre
 14055 | D:11     | Noticed a boulder beetle
 14057 | D:11     | Noticed an ettin
 14057 | D:11     | Noticed a two-headed ogre
 14058 | D:11     | Noticed a two-headed ogre
 14068 | D:11     | Slain by an ettin

Illustrated notes

Levels and vault maps discovered:
D:1:      amcnicky_arrival_wind_blow, layout_rooms,
          hellmonk_ecumenical_altar_defaced_shrine, item_on_display_a
D:2:      layout_basic, minmay_distorted
D:3:      layout_rooms, serial_shops, shop_fountains
D:4:      layout_loops_ring, uniq_eustachio, uniq_ijyb, uniq_sigmund
D:5:      layout_basic, dreamdust_wishing_well, kennysheep_potato
D:6:      layout_cave_pools, nicolae_overflow_hallway_of_the_gods,
          serial_gnoll_camp, gnoll_camp_mini_hut, gnoll_camp_mini_doghouse,
          grums_kennel, gnoll_camp_mini_basic,
          mainiacjoe_ossuary_entry_dusty_tomb, uniq_blork_the_orc
D:7:      layout_loops_corners, minmay_temple_entry_enclosed_plants,
          minmay_manual_mail
D:8:      layout_basic
D:9:      layout_irregular_city, lair_entry_dummy, minmay_misc_feat_square,
          minmay_misc_feat_chi, hive_lemuel
D:10:     layout_roguey, okawaru_trees_2, nemelex_diamond_rough_becter,
          nicolae_kikubaaqudgha_miasma_corner, erik_orc_1,
          muffindrake_ghost_dual_entry, uniq_fannar, uniq_snorg
D:11:     nzn_winding_woodlands_medium [nzn_winding_woodlands_5x5_closed_star,
          nzn_winding_woodlands_5x15_garden, nzn_winding_woodlands_hourglass,
          nzn_winding_woodlands_5x5_cross,
          nzn_winding_woodlands_center_pierced_h,
          nzn_winding_woodlands_5x5_default, nzn_winding_woodlands_5x5_three,
          nzn_winding_woodlands_5x15_twine,
          nzn_winding_woodlands_5x5_open_star], layout_cave_pods,
          kennysheep_another_room, nrook_guardian_serpent_double
Temple:   nicolae_temple_ecumenical_triangle

Skill      XL: |  1  2  3  4  5  6  7  8  9 10 |
---------------+-------------------------------+-----
Spellcasting   | 4 5 6 7 9 10 11 12 | 12.3
Conjurations   | 5 6 7 8 9 10 11 | 11.0
Stealth        | 3 5 9 |  9.8
Fighting       | 1 2 4 |  4.7
Armour         | 1 2 4 |  4.6
Dodging        | 3 5 7 |  7.3

Action                     |  1- 3 |  4- 6 |  7- 9 | 10-12 || total
---------------------------+-------+-------+-------+-------++-------
  Melee: Short sword       |       |     6 |     8 |     7 ||    21
         Punch             |       |       |     1 |       ||     1
   Cast: Magic Dart        |    53 |    84 |   128 |   105 ||   370
         Searing Ray       |     2 |    15 |    46 |    23 ||    86
         Iskenderun's Batt |       |       |    34 |    33 ||    67
         Iskenderun's Myst |       |       |     1 |    10 ||    11
  Evoke: Wand              |       |       |     4 |       ||     4
    Use: Potion            |       |     1 |       |       ||     1
         Scroll            |       |       |       |     9 ||     9
   Stab: Sleeping          |       |     1 |     1 |     5 ||     7
         Paralysed         |       |       |     6 |       ||     6
 Armour: Robe              |     1 |    21 |    61 |    51 ||   134
  Dodge: Dodged            |       |    23 |    57 |    43 ||   123
